 Dungeon Crawl Stone Soup version 0.27.1 (webtiles) character file.

Game seed: 9916756705433365368

158823 Rrauwl the Martial Artist (level 17, -8/178 HPs)
             Began as a Gnoll Artificer on Aug 24, 2021.
             Was a High Priest of Okawaru.
             Killed from afar by a nagaraja (11 damage)
             ... with a bolt of poison
             ... on level 4 of the Snake Pit on Aug 25, 2021.
             The game lasted 02:49:08 (37958 turns).

Rrauwl the Martial Artist (Gnoll Artificer)        Turns: 37958, Time: 02:49:08

Health: -8/178     AC: 28    Str: 20    XL:     17   Next: 72%
Magic:  0/32       EV: -1    Int: 14    God:    Okawaru [*****.]
Gold:   1292       SH:  0    Dex: 18    Spells: 30/39 levels left

rFire    . . .     SeeInvis .   a - +10 lajatang of a Labyrinth {freeze, rC+ Will+ Dex+4}
rCold    + . .     Faith    .   (shield currently unavailable)
rNeg     + + +     Spirit   +   (armour currently unavailable)
rPois    +         Reflect  .   (helmet currently unavailable)
rElec    +         Harm     .   (cloak currently unavailable)
rCorr    +         Rampage  .   (gloves currently unavailable)
Will     ++...     NoTele   +   (boots currently unavailable)
Stlth    +++++++...             B - amulet "Fureosan" {Spirit rElec Regen+ rCorr}
HPRegen  1.39/turn              W - +4 ring of evasion
MPRegen  0.23/turn              i - +6 ring of strength

@: lethally poisoned (-8 -> -21), tree-form, heroic, weakened, untranslocatable,
constricted, studying 2 skills
A: stationary, stasis, torment immunity, boosted hp, (fangs 1), strong nose,
distributed training, frail 1
a: Renounce Religion, Heroism, Finesse


You were on level 4 of the Snake Pit.
You worshipped Okawaru.
Okawaru was extremely pleased with you.
You were a tree.
You visited 5 branches of the dungeon, and saw 28 of its levels.

You collected 3317 gold pieces.
You spent 2025 gold pieces at shops.

Inventory:

Hand Weapons
 a - the +10 lajatang of a Labyrinth (weapon) {freeze, rC+ Will+ Dex+4}
   (Okawaru gifted it to you on level 2 of the Lair of Beasts)

   It freezes those it strikes, dealing additional cold damage.
   It can also slow down cold-blooded creatures.
   Dex:       It affects your dexterity (+4).
   rC:        It protects you from cold.
   Will:      It increases your willpower.
 b - a +6 arbalest of flaming
Missiles
 o - 309 bolts
 s - 5 throwing nets (quivered)
 H - 7 boomerangs of dispersal
 O - 12 silver javelins
 S - 6 datura-tipped darts
Armour
 d - a scarf of resistance
 v - a +0 pair of boots (melded)
 y - the +0 pair of gloves of Xiowuli {Rampage +Blink rElec Will+}
   (You acquired it on level 2 of the Snake Pit)

   rElec:     It insulates you from electricity.
   +Blink:    It lets you blink.
   Rampage:   It bestows one free step when moving towards enemies.
   Will:      It increases your willpower.
 z - the +5 scale mail of Fortitude (melded) {rF++ Str+3}
   (You found it on level 5 of the Dungeon)

   Str:       It affects your strength (+3).
   rF:        It greatly protects you from fire.
 F - a +2 pair of gloves of strength (melded)
 V - a +2 helmet of see invisible (melded)
 X - the +2 ratskin cloak (melded) {*Rats rPois rN+ Str-1 Int-1 Dex+1}
   (You bought it in a shop on level 14 of the Dungeon)

   When the wearer is hurt, rats may emerge from it to assist them.
   Str:       It affects your strength (-1).
   Int:       It affects your intelligence (-1).
   Dex:       It affects your dexterity (+1).
   rPois:     It protects you from poison.
   rN:        It protects you from negative energy.
Jewellery
 i - a +6 ring of strength (right branch)
 j - a ring of protection from cold
 B - the amulet "Fureosan" (around neck) {Spirit rElec Regen+ rCorr}
   (You acquired it on level 3 of the Snake Pit)

   [amulet of guardian spirit]

   It causes incoming damage to be divided between your reserves of health and
   magic.
   rElec:     It insulates you from electricity.
   Regen:     It increases your rate of health regeneration.
   rCorr:     It protects you from acid and corrosion.
 I - a ring of magical power
 Q - a ring of willpower
 R - an amulet of reflection
 W - a +4 ring of evasion (left branch)
Wands
 k - a wand of mindburst (15)
 n - a wand of iceblast (4)
 r - a wand of paralysis (31)
 K - a wand of polymorph (27)
 P - a wand of digging (10)
 U - a wand of acid (4)
Scrolls
 f - 4 scrolls of blinking
 g - a scroll of brand weapon
 l - a scroll of silence
 m - 2 scrolls of summoning
 p - 23 scrolls of identify
 t - a scroll of enchant weapon
 u - 3 scrolls of fog
 x - 2 scrolls of magic mapping
 A - a scroll of fear
 C - 10 scrolls of teleportation
 D - 5 scrolls of enchant armour
 E - a scroll of amnesia
 Y - a scroll of immolation
Potions
 h - 3 potions of flight
 q - a potion of might
 w - a potion of curing
 M - 4 potions of ambrosia
 N - a potion of lignification
 Z - a potion of resistance
Miscellaneous
 e - a piece from Xom's chessboard (14/15)
 G - a tin of tremorstones (2/2)
 L - a box of beasts (inert)
 T - a lightning rod (4/4)


   Skills:
 + Level 11.9(16.9) Fighting
 + Level 11.7(16.7) Short Blades
 + Level 11.7(16.7) Long Blades
 + Level 11.7(16.7) Axes
 + Level 11.7(16.7) Maces & Flails
 + Level 11.7(16.7) Polearms
 + Level 11.7(16.7) Staves
 + Level 11.7(16.7) Slings
 + Level 11.7(16.7) Bows
 + Level 11.7(16.7) Crossbows
 + Level 11.7(16.7) Throwing
 + Level 12.4(17.4) Armour
 + Level 11.9(16.9) Dodging
 + Level 11.9(16.9) Stealth
 + Level 11.7(16.7) Shields
 + Level 13.5(18.5) Unarmed Combat
 + Level 11.7 Spellcasting
 + Level 10.0 Conjurations
 + Level 10.0 Hexes
 + Level 10.0 Summonings
 + Level 10.0 Necromancy
 + Level 10.0 Translocations
 + Level 10.0 Transmutations
 + Level 12.7 Fire Magic
 + Level 10.0 Ice Magic
 + Level 10.0 Air Magic
 + Level 10.0 Earth Magic
 + Level 10.0 Poison Magic
 + Level 12.6 Invocations
 + Level 13.1 Evocations


You had 30 spell levels left.
You knew the following spells:

 Your Spells              Type           Power      Damage    Failure   Level
a - Blink                 Tloc           N/A        N/A       1%          2
b - Dispel Undead         Necr           36%        3d15      1%          4
c - Lesser Beckoning      Tloc           18%        N/A       1%          3

Your spell library contained the following spells:

 Spells                   Type           Power      Damage    Failure   Level
 Animate Skeleton         Necr           72%        N/A       1%          1
 Apportation              Tloc           72%        N/A       1%          1
 Corona                   Hex            40%        N/A       1%          1
 Magic Dart               Conj           100%       1d8       1%          1
 Sting                    Tmut/Pois      100%       1d8       1%          1
 Summon Small Mammal      Summ           100%       N/A       1%          1
 Corpse Rot               Necr/Air       N/A        N/A       1%          2
 Ensorcelled Hibernation  Hex/Ice        72%        N/A       1%          2
 Poisonous Vapours        Pois/Air       72%        N/A       1%          2
 Searing Ray              Conj           72%        3d6       1%          2
 Slow                     Hex            36%        N/A       1%          2
 Static Discharge         Conj/Air       36%        N/A       1%          2
 Confusing Touch          Hex            36%        N/A       1%          3
 Conjure Flame            Conj/Fire      40%        6-21      1%          3
 Ignite Poison            Fire/Tmut/Pois 38%        N/A       1%          3
 Summon Guardian Golem    Hex/Summ       36%        N/A       1%          3
 Tukima's Dance           Hex            36%        N/A       1%          3
 Vampiric Draining        Necr           18%        2d8       1%          3
 Fulminant Prism          Conj/Hex       18%        3d11      1%          4
 Olgreb's Toxic Radiance  Pois           36%        N/A       1%          4
 Sticky Flame             Conj/Fire      40%        2d6       1%          4
 Manifold Assault         Tloc           36%        N/A       4%          5
 Yara's Violent Unravell  Hex/Tmut       18%        3d9       4%          5
 Death Channel            Necr           18%        N/A       22%         6
 Dispersal                Tloc           18%        N/A       22%         6
 Orb of Destruction       Conj           18%        9d8       77%         7
 Spellforged Servitor     Conj/Summ      18%        N/A       77%         7
 Disjunction              Tloc           18%        N/A       100%        8


Dungeon Overview and Level Annotations

Branches:
Dungeon (15/15)            Temple (1/1) D:4            Lair (6/6) D:8
  Swamp (0/4) Lair:3        Snake (4/4) Lair:2        Slime (0/5) Lair:6
    Orc (2/2) D:12            Elf (0/3) Orc:2        Vaults (0/5) D:13
 Depths (0/5) D:15

Altars:
Ashenzari
Cheibriados
Dithmenos
Elyvilon
Fedhas
Gozag
Hepliaklqana
Kikubaaqudgha
Makhleb
Nemelex Xobeh
Okawaru
Qazlal
Ru
Sif Muna
Trog
Uskayaw
Vehumet
Wu Jian
Xom
Yredelemnul
Zin
The Shining One
Beogh
Jiyva

Shops:
D:1 !   D:3 (   D:6 [   D:14 [   Orc:2 ==!?(   Snake:1 ?   Snake:3 :(=?:=

Portals:
Ice
Cave: Snake:4

Annotations:
Lair:1 3 runed translucent doors, Beischinu's ghost, journeyman MiFi


Innate Abilities, Weirdness & Mutations

You are a tree.
Your roots penetrate the ground, keeping you stationary.
You cannot be teleported.
You are immune to unholy pain and torment.
Your maximum health is greatly increased.
Your equipment is partially melded.
((You have very sharp teeth.))
Your uncanny sense of smell can sniff out nearby items.
Your experience applies equally to all skills.
You are frail. (-10% HP)


Message History

The black mamba misses your anaconda.
The lindwurm bites you but does no damage.
The lindwurm claws you.
* * * LOW HITPOINT WARNING * * *
The lindwurm claws you but does no damage.
The black mamba bites you but does no damage.
The nagaraja points at you and mumbles some strange words.
You resist with some effort. The nagaraja constricts you.
* * * LOW HITPOINT WARNING * * *
The black mamba bites you!
* * * LOW HITPOINT WARNING * * *
You gain the combat prowess of a mighty hero.
Your branches slow down.
You feel sick.
The black mamba bites your anaconda but does no damage.
Your anaconda completely misses the nagaraja.
Your anaconda bites the nagaraja.
The black mamba bites you but does no damage.
The black mamba bites you!
* * * LOW HITPOINT WARNING * * *
The nagaraja points at you and mumbles some strange words.
You resist with some effort. The nagaraja constricts you.
* * * LOW HITPOINT WARNING * * *
The lindwurm breathes flames at you.
The blast of flame hits you but does no damage.
The blast of flame hits your anaconda!
Your anaconda grabs the nagaraja.
Your anaconda bites the nagaraja.
Your anaconda constricts the nagaraja.
The black mamba bites your anaconda!
Your anaconda is poisoned.
The black mamba poisons your anaconda!
The black mamba bites you but does no damage. x2
The nagaraja hits you with a +0 flail.
* * * LOW HITPOINT WARNING * * *
The nagaraja constricts you.
* * * LOW HITPOINT WARNING * * *
The nagaraja gestures at you while chanting.
The bolt of poison hits you!
You are lethally poisoned!
You resist.
You die...

§≈≈≈.S# #≈≈≈NN#.# .....#
##≈§N.N#.#######
##≈≈≈.k##........
##§.≈..##..###.... .
##§≈≈.)##..## .. .
##≈§§..##...## ... .
###§§§..##.....###....
######≈≈≈..§##.kSS..#......
≈§≈≈§§≈≈!..##...♣NS).).....
§≈≈§§§§§!.##...NNS).##.#.#
≈§§≈≈§.§..#.........#
≈≈≈≈..§...#.......†##
.§≈.......#.........
.≈§.......#...)N.....
§≈≈≈.[....#.........##
≈≈≈≈≈#+####.........# ≈§≈§§
.......


You could see 2 nagarajas, a naga sharpshooter, a lindwurm (catching breath,
ally target), 3 black mambas, a naga and a friendly anaconda (charmed, very
poisoned).

Vanquished Creatures
  Nikola (Snake:2)
  Jorgrun (Snake:1)
  A nagaraja (Snake:2)
  2 stone giants
  A fire dragon (D:13)
  11 naga warriors
  Fannar (Lair:1)
  2 boulder beetles
  5 hydras
  4 ogre magi
  Erolcha (D:13)
  A salamander tyrant (Snake:1)
  A catoblepas (Lair:6)
  8 anacondas
  3 centaur warriors (D:15)
  3 tengu warriors
  15 two-headed ogres
  A deep troll shaman (Lair:6)
  A deep elf knight (D:15)
  5 shock serpents
  4 death yaks
  Urug (Lair:5)
  8 naga sharpshooters
  5 wretched stars (D:14)
  A fire crab (shapeshifter) (D:14)
  4 salamander mystics
  5 skeletal warriors (D:14)
  2 cherubim (D:14)
  2 deep trolls (Orc:2)
  4 sea snakes (Snake:1)
  5 bog bodies (Lair:3)
  2 lindwurms
  A deep elf archer (D:15)
  4 deep elf pyromancers
  3 naga ritualists
  An oklob plant (Lair:3)
  2 orc knights
  6 mana vipers
  4 cyclopes
  10 salamanders
  17 ugly things
  2 manticores
  25 black mambas
  4 elephants
  An ice statue (D:10)
  3 guardian serpents
  A torpor snail (Lair:6)
  12 cane toads
  An unseen horror (D:13)
  A gargoyle (D:10)
  7 naga magi
  A kobold demonologist (D:12)
  3 rime drakes
  A tengu conjurer (D:14)
  An efreet (D:13)
  12 komodo dragons
  A freezing wraith (D:10)
  6 ice devils (D:10)
  12 trolls
  A queen bee (D:11)
  A merfolk (Lair:6)
  3 polar bears (Lair:6)
  Prince Ribbit (Lair:3)
  9 dream sheep (Lair:6)
  6 slime creatures (D:15)
  8 blink frogs
  3 shadows
  A wyvern (Lair:5)
  3 vampires
  74 yaks
  A wraith (D:13)
  6 basilisks
  2 steam dragons
  Menkaure (D:5)
  3 vampire mosquitoes (D:13)
  A warg (Orc:1)
  42 nagas
  Duvessa (D:6)
  23 water moccasins
  27 orc warriors
  7 black bears
  An ice beast (D:8)
  2 necrophages
  32 ogres
  The ghost of Alannah the Ruffian, an amateur DrTm of Lugonu (D:3)
  9 wolves
  2 centaurs
  6 kobold brigands
  13 bullfrogs
  6 gnoll sergeants
  2 scorpions
  A wyvern zombie (D:8)
  Dowan (D:6)
  A water moccasin zombie (D:5)
  A wyvern skeleton (D:5)
  26 killer bees
  5 wights (D:8)
  8 electric eels
  2 howler monkeys
  7 centaur zombies
  An iron imp (D:6)
  3 hounds
  2 gnoll shamans
  3 centaur skeletons
  12 orc priests
  7 iguanas
  Jessica (D:3)
  Ijyb (D:4)
  5 hell rats (Lair:6)
  27 orc wizards
  A hound zombie (D:5)
  A howler monkey zombie (D:9)
  34 gnolls
  3 adders
  2 shadow imps
  2 white imps
  7 ufetubi
  A worm (D:2)
  3 dart slugs
  77 orcs
  8 ball pythons
  10 bats
  2 endoplasms
  6 giant cockroaches
  8 goblins
  7 hobgoblins
  5 quokkas
  5 frilled lizards
  10 kobolds
  6 rats
863 creatures vanquished.

Vanquished Creatures (collateral kills)
  A hydra (Lair:4)
  A salamander tyrant (Snake:4)
  A salamander (Snake:4)
  2 black mambas (Snake:4)
  A yak (Lair:1)
  An orc wizard (D:4)
  A hound skeleton (D:5)
  A gnoll (D:3)
  4 orcs (D:3)
13 creatures vanquished.

Vanquished Creatures (others)
  A salamander (Snake:4)
  A naga mage (Snake:4)
  An ogre (D:5)
  2 adders (D:5)
  An ufetubus (D:10)
  A goblin (D:4)
  6 bushes (Lair:6)
  20 fungi
  50 plants
83 creatures vanquished.

Grand Total: 959 creatures vanquished

Notes
Turn   | Place    | Note
-------+----------+-------------------------------------------
     0 | D:1      | Rrauwl the Gnoll Artificer began the quest for the Orb.
     0 | D:1      | Reached XP level 1. HP: 17/17 MP: 1/1
   229 | D:1      | Reached XP level 2. HP: 6/23 MP: 2/2
   957 | D:1      | Reached XP level 3. HP: 17/28 MP: 3/3
  1130 | D:1      | Found Irodasor's Distillery.
  1163 | D:1      | Bought a potion of flight for 42 gold pieces
  1300 | D:1      | Reached skill level 1 in Invocations
  1553 | D:2      | Learned a level 2 spell: Blink
  2141 | D:2      | Noticed a shining eye
  2144 | D:2      | Reached skill level 1 in Short Blades
  2144 | D:2      | Reached skill level 1 in Long Blades
  2144 | D:2      | Reached skill level 1 in Axes
  2144 | D:2      | Reached skill level 1 in Maces & Flails
  2144 | D:2      | Reached skill level 1 in Polearms
  2144 | D:2      | Reached skill level 1 in Staves
  2144 | D:2      | Reached skill level 1 in Slings
  2144 | D:2      | Reached skill level 1 in Bows
  2144 | D:2      | Reached skill level 1 in Crossbows
  2144 | D:2      | Reached skill level 1 in Throwing
  2144 | D:2      | Reached skill level 1 in Shields
  2144 | D:2      | Reached skill level 1 in Unarmed Combat
  2144 | D:2      | Reached skill level 1 in Spellcasting
  2436 | D:2      | Noticed a great orb of eyes
  2439 | D:2      | Found a faded altar of an unknown god.
  2443 | D:2      | Noticed an eye of devastation
  2450 | D:2      | Noticed a shining eye
  2787 | D:3      | Identified the +4 dagger of Kismet {drain, Will+ Int+2}
  2787 | D:3      | Identified the +1 ring mail of Okawaru's Indignation {rN+++
                  | Will++ Int-5}
  2787 | D:3      | Noticed Alannah's ghost (amateur DrTm)
  2790 | D:3      | Found a runed translucent gate.
  2790 | D:3      | Found a runed translucent gate.
  2791 | D:3      | Found a runed translucent gate.
  2823 | D:3      | Reached XP level 4. HP: 29/34 MP: 5/5
  2881 | D:3      | Found a sparkling altar of Nemelex Xobeh.
  3114 | D:3      | Reached skill level 1 in Conjurations
  3114 | D:3      | Reached skill level 1 in Hexes
  3114 | D:3      | Reached skill level 1 in Summonings
  3114 | D:3      | Reached skill level 1 in Necromancy
  3114 | D:3      | Reached skill level 1 in Translocations
  3114 | D:3      | Reached skill level 1 in Transmutations
  3114 | D:3      | Reached skill level 1 in Fire Magic
  3114 | D:3      | Reached skill level 1 in Ice Magic
  3114 | D:3      | Reached skill level 1 in Air Magic
  3114 | D:3      | Reached skill level 1 in Earth Magic
  3114 | D:3      | Reached skill level 1 in Poison Magic
  3413 | D:3      | Found Keesom's Weapon Boutique.
  3486 | D:3      | Noticed Jessica
  3500 | D:3      | Killed Jessica
  3501 | D:3      | Reached XP level 5. HP: 24/40 MP: 5/7
  4430 | D:3      | Killed Alannah's ghost
  4431 | D:3      | Reached XP level 6. HP: 17/47 MP: 8/8
  4761 | D:4      | Noticed Ijyb
  4787 | D:4      | Killed Ijyb
  4919 | D:4      | Found a staircase to the Ecumenical Temple.
  4951 | Temple   | Entered the Ecumenical Temple
  5123 | Temple   | Became a worshipper of Warmaster Okawaru
  5251 | D:4      | Reached skill level 5 in Armour
  5613 | D:4      | Found a white marble altar of Elyvilon.
  5812 | D:5      | Entered Level 5 of the Dungeon
  5835 | D:5      | Reached XP level 7. HP: 52/52 MP: 10/10
  6053 | D:5      | Gained mutation: You are frail. (-10% HP) [potion of
                  | mutation]
  6104 | D:5      | Reached * piety under Okawaru
  6576 | D:5      | Reached XP level 8. HP: 29/54 MP: 12/12
  6912 | D:5      | Noticed Menkaure
  6920 | D:5      | Killed Menkaure
  6920 | D:5      | Reached ** piety under Okawaru
  7144 | D:5      | Identified the +5 scale mail of Fortitude {rF++ Str+3}
  7315 | D:6      | Noticed Duvessa
  7320 | D:6      | Noticed Dowan
  7324 | D:6      | Killed Duvessa
  7326 | D:6      | Killed Dowan
  7364 | D:6      | Noticed a shadow
  7380 | D:6      | HP: 2/54 [something (25)]
  7384 | D:5      | Killed a shadow
  7696 | D:6      | Reached XP level 9. HP: 59/59 MP: 14/14
  7699 | D:6      | Reached *** piety under Okawaru
  7874 | D:6      | Identified the +1 ring mail of Finweuju {rCorr Dex+4}
  8045 | D:6      | Found a snail-covered altar of Cheibriados.
  8285 | D:6      | Found a runed translucent door.
  8290 | D:6      | Found a basalt altar of Yredelemnul.
  8482 | D:6      | Found Xeleun's Armour Emporium.
  8771 | D:7      | Reached skill level 5 in Fighting
  8771 | D:7      | Reached skill level 5 in Dodging
  8901 | D:6      | Bought a +2 pair of gloves of strength for 301 gold pieces
  9395 | D:8      | Reached skill level 5 in Stealth
  9732 | D:8      | Reached skill level 5 in Invocations
  9842 | D:8      | Noticed a death yak
  9854 | D:8      | Found a staircase to the Lair.
  9854 | D:8      | Noticed an elephant
  9890 | D:8      | Killed a death yak
  9890 | D:8      | Reached **** piety under Okawaru
  9891 | D:8      | Reached XP level 10. HP: 65/66 MP: 15/17
  9923 | D:8      | Killed an elephant
  9923 | D:8      | Reached ***** piety under Okawaru
  9924 | D:8      | Reached skill level 5 in Short Blades
  9924 | D:8      | Reached skill level 5 in Long Blades
  9924 | D:8      | Reached skill level 5 in Axes
  9924 | D:8      | Reached skill level 5 in Maces & Flails
  9924 | D:8      | Reached skill level 5 in Polearms
  9924 | D:8      | Reached skill level 5 in Staves
  9924 | D:8      | Reached skill level 5 in Slings
  9924 | D:8      | Reached skill level 5 in Bows
  9924 | D:8      | Reached skill level 5 in Crossbows
  9924 | D:8      | Reached skill level 5 in Throwing
  9924 | D:8      | Reached skill level 5 in Shields
  9924 | D:8      | Reached skill level 5 in Unarmed Combat
  9924 | D:8      | Reached skill level 5 in Spellcasting
 10509 | Lair:1   | Entered Level 1 of the Lair of Beasts
 10563 | Lair:1   | Noticed a cane toad
 10563 | Lair:1   | Noticed a cane toad
 10624 | Lair:1   | Killed a cane toad
 10671 | Lair:1   | Killed a cane toad
 10771 | Lair:1   | Noticed a cane toad
 10795 | Lair:1   | Received a gift from Okawaru
 11008 | Lair:1   | Killed a cane toad
 11009 | Lair:1   | Reached XP level 11. HP: 68/74 MP: 19/19
 11243 | Lair:1   | Reached skill level 5 in Conjurations
 11243 | Lair:1   | Reached skill level 5 in Hexes
 11243 | Lair:1   | Reached skill level 5 in Summonings
 11243 | Lair:1   | Reached skill level 5 in Necromancy
 11243 | Lair:1   | Reached skill level 5 in Translocations
 11243 | Lair:1   | Reached skill level 5 in Transmutations
 11243 | Lair:1   | Reached skill level 5 in Fire Magic
 11243 | Lair:1   | Reached skill level 5 in Ice Magic
 11243 | Lair:1   | Reached skill level 5 in Air Magic
 11243 | Lair:1   | Reached skill level 5 in Earth Magic
 11243 | Lair:1   | Reached skill level 5 in Poison Magic
 11247 | Lair:1   | Received a gift from Okawaru
 11261 | Lair:1   | Identified the +5 mace of Forced Transition {venom, +Blink
                  | Stlth+}
 11465 | Lair:1   | Found a runed translucent gate.
 11466 | Lair:1   | Found a runed translucent gate.
 11466 | Lair:1   | Noticed a ten-headed hydra
 11467 | Lair:1   | Found a runed translucent gate.
 11469 | Lair:1   | Noticed a ten-headed hydra
 11469 | Lair:1   | Noticed Beischinu's ghost (journeyman MiFi)
 11834 | Lair:1   | Noticed Fannar
 11883 | Lair:1   | Killed Fannar
 12622 | Lair:2   | Identified the +10 lajatang of a Labyrinth {freeze, rC+
                  | Will+ Dex+4} (Okawaru gifted it to you on level 2 of the
                  | Lair of Beasts)
 12622 | Lair:2   | Received a gift from Okawaru
 12852 | Lair:2   | Found a staircase to the Snake Pit.
 13174 | Lair:2   | Identified the +6 flail of Checks and Balances {vorpal, rN+
                  | Will+ Dex+3}
 13591 | Lair:2   | Learned a level 4 spell: Dispel Undead
 13595 | Lair:2   | Learned a level 3 spell: Lesser Beckoning
 13758 | Lair:3   | Received a gift from Okawaru
 13801 | Lair:3   | Noticed an oklob plant
 13839 | Lair:3   | Reached ****** piety under Okawaru
 13839 | Lair:3   | Received a gift from Okawaru
 13840 | Lair:3   | Reached XP level 12. HP: 65/81 MP: 22/22
 14161 | Lair:3   | Noticed Prince Ribbit
 14217 | Lair:3   | Killed Prince Ribbit
 15231 | Lair:3   | Received a gift from Okawaru
 15350 | Lair:3   | Found a staircase to the Swamp.
 15511 | Lair:3   | Reached skill level 10 in Evocations
 15948 | Lair:4   | Identified the +1 robe of the Monkey {Harm rF- rC+ Int+3}
 15979 | Lair:4   | You fall into a shaft and drop 1 floor!
 15982 | Lair:5   | Received a gift from Okawaru
 16609 | Lair:5   | Noticed Urug
 16625 | Lair:5   | Killed Urug
 16939 | Lair:4   | Reached XP level 13. HP: 80/88 MP: 24/24
 18588 | Lair:6   | Entered Level 6 of the Lair of Beasts
 18852 | Lair:5   | You fall into a shaft and drop 1 floor!
 19304 | Lair:6   | Received a gift from Okawaru
 19773 | Lair:6   | Received a gift from Okawaru
 20488 | Lair:6   | Reached XP level 14. HP: 82/97 MP: 21/26
 20523 | Lair:6   | Received a gift from Okawaru
 20524 | Lair:6   | Reached skill level 10 in Armour
 20745 | Lair:6   | Identified the +6 arbalest of Gluttony {vorpal, *Corrode
                  | +Blink rPois rF+}
 20819 | Lair:6   | Found a viscous altar of Jiyva.
 20819 | Lair:6   | Found a staircase to the Slime Pits.
 21399 | D:9      | Found an opulent altar of Gozag.
 21694 | D:10     | Entered Level 10 of the Dungeon
 21876 | D:10     | Found a large runed translucent door.
 21877 | D:10     | Found a large runed translucent door.
 22053 | D:10     | Found an ornate altar of the Wu Jian Council.
 22157 | D:10     | Received a gift from Okawaru
 22357 | D:10     | Found a large runed translucent door.
 22358 | D:10     | Found a large runed translucent door.
 22681 | D:10     | Reached skill level 10 in Invocations
 23794 | D:11     | You fall into a shaft and drop 2 floors!
 23864 | D:12     | Found a staircase to the Orcish Mines.
 24515 | D:12     | You fall into a shaft and drop 2 floors!
 24876 | D:12     | Reached skill level 10 in Fire Magic
 25460 | D:13     | Reached skill level 10 in Unarmed Combat
 25472 | D:13     | Identified a scroll of acquirement
 25472 | D:13     | Acquired 619 gold pieces
 25660 | D:13     | Noticed Erolcha
 25668 | D:13     | Killed Erolcha
 25669 | D:13     | Reached skill level 10 in Fighting
 25669 | D:13     | Reached skill level 10 in Dodging
 25752 | D:13     | Received a gift from Okawaru
 25921 | D:13     | Reached skill level 10 in Stealth
 25929 | D:13     | Reached XP level 15. HP: 50/103 MP: 28/28
 26268 | D:13     | Found a gate to the Vaults.
 26336 | Orc:1    | Entered Level 1 of the Orcish Mines
 26681 | Orc:2    | Entered Level 2 of the Orcish Mines
 26681 | Orc:2    | Found Bil Hempiwn's Jewellery Boutique.
 26941 | Orc:2    | Found a staircase to the Elven Halls.
 27491 | Orc:2    | Reached skill level 10 in Short Blades
 27491 | Orc:2    | Reached skill level 10 in Long Blades
 27491 | Orc:2    | Reached skill level 10 in Axes
 27491 | Orc:2    | Reached skill level 10 in Maces & Flails
 27491 | Orc:2    | Reached skill level 10 in Polearms
 27491 | Orc:2    | Reached skill level 10 in Staves
 27491 | Orc:2    | Reached skill level 10 in Slings
 27491 | Orc:2    | Reached skill level 10 in Bows
 27491 | Orc:2    | Reached skill level 10 in Crossbows
 27491 | Orc:2    | Reached skill level 10 in Throwing
 27491 | Orc:2    | Reached skill level 10 in Shields
 27491 | Orc:2    | Reached skill level 10 in Spellcasting
 28127 | Orc:2    | Received a gift from Okawaru
 28348 | Orc:2    | Found Yburiple's Jewellery Boutique.
 28350 | Orc:2    | Found Juff's Distillery.
 28358 | Orc:2    | Found Diff's Magic Scroll Shop.
 28359 | Orc:2    | Found Geryleish's Weapon Shop.
 28361 | Orc:2    | Bought a potion of invisibility for 144 gold pieces
 28372 | Orc:2    | Bought a scroll of enchant armour for 112 gold pieces
 28372 | Orc:2    | Bought a scroll of teleportation for 45 gold pieces
 28600 | D:14     | Received a gift from Okawaru
 28615 | D:14     | Found the +1 cloak of Starlight {*Dazzle EV+4 Stlth--}
 28953 | D:14     | Received a gift from Okawaru
 29073 | D:14     | Received a gift from Okawaru
 29108 | D:14     | Received a gift from Okawaru
 29148 | D:14     | Reached XP level 16. HP: 43/111 MP: 30/30
 29433 | D:14     | Found Zoteir's Armour Shop.
 29447 | D:14     | Bought the +2 ratskin cloak {*Rats rPois rN+ Str-1 Int-1
                  | Dex+1} for 389 gold pieces
 29447 | D:14     | Found the +2 ratskin cloak {*Rats rPois rN+ Str-1 Int-1
                  | Dex+1}
 29893 | D:15     | Entered Level 15 of the Dungeon
 30470 | D:15     | Received a gift from Okawaru
 30595 | D:15     | Found a staircase to the Depths.
 31062 | D:15     | Identified the +9 longbow of Okawaru {speed, MP+9} (Okawaru
                  | gifted it to you on level 15 of the Dungeon)
 31062 | D:15     | Received a gift from Okawaru
 31325 | D:11     | Found an opulent altar of Gozag.
 31816 | Snake:1  | Entered Level 1 of the Snake Pit
 31835 | Snake:1  | Noticed Jorgrun
 31847 | Snake:1  | Killed Jorgrun
 32104 | Snake:1  | Found Epas Tao's Magic Scroll Shop.
 32113 | Snake:1  | Bought a scroll of blinking for 120 gold pieces
 32113 | Snake:1  | Bought a scroll of enchant armour for 120 gold pieces
 32113 | Snake:1  | Bought a scroll of enchant armour for 120 gold pieces
 32113 | Snake:1  | Bought a scroll of brand weapon for 320 gold pieces
 32113 | Snake:1  | Bought a scroll of fog for 32 gold pieces
 32436 | Snake:1  | Received a gift from Okawaru
 32825 | Snake:1  | Found a hide-covered altar of Uskayaw.
 32861 | Snake:1  | Received a gift from Okawaru
 32883 | Snake:1  | Identified the +5 falchion of Eternal Harmony {vorpal,
                  | Dex+3}
 33232 | Snake:2  | Received a gift from Okawaru
 33257 | Snake:2  | Noticed a nagaraja
 33265 | Snake:2  | Identified the +3 helmet of Fortitude {rN++ rCorr Str-5}
                  | (Okawaru gifted it to you on level 2 of the Snake Pit)
 33265 | Snake:2  | Received a gift from Okawaru
 33271 | Snake:2  | Killed a nagaraja
 33272 | Snake:2  | Reached XP level 17. HP: 35/117 MP: 32/32
 33616 | Snake:2  | Acquired the +0 pair of gloves of Xiowuli {Rampage +Blink
                  | rElec Will+}
 34579 | Snake:2  | Noticed Nikola
 35238 | Snake:2  | Killed Nikola
 36077 | Snake:3  | Found Leemy's Book Boutique.
 36440 | Snake:3  | Found Deogiecy's Antique Weapon Shoppe.
 36592 | Snake:3  | Found Wuskex's Self-Improvement Boutique.
 36712 | Snake:3  | Found Riceof's Magic Scroll Emporium.
 36748 | Snake:3  | Received a gift from Okawaru
 36779 | Snake:3  | Bought a scroll of teleportation for 42 gold pieces
 36779 | Snake:3  | Bought a scroll of blinking for 105 gold pieces
 36779 | Snake:3  | Bought a scroll of summoning for 133 gold pieces
 36979 | Snake:3  | Found Jafriseo's Jewellery Shop.
 37021 | Snake:3  | Found Vamyih's Jewellery Shoppe.
 37154 | Snake:3  | Received a gift from Okawaru
 37570 | Snake:3  | Acquired the amulet "Fureosan" {Spirit rElec Regen+ rCorr}
 37690 | Snake:4  | Entered Level 4 of the Snake Pit
 37782 | Snake:4  | Found a frozen archway.
 37795 | Snake:4  | Reached skill level 10 in Conjurations
 37795 | Snake:4  | Reached skill level 10 in Hexes
 37795 | Snake:4  | Reached skill level 10 in Summonings
 37795 | Snake:4  | Reached skill level 10 in Necromancy
 37795 | Snake:4  | Reached skill level 10 in Translocations
 37795 | Snake:4  | Reached skill level 10 in Transmutations
 37795 | Snake:4  | Reached skill level 10 in Ice Magic
 37795 | Snake:4  | Reached skill level 10 in Air Magic
 37795 | Snake:4  | Reached skill level 10 in Earth Magic
 37795 | Snake:4  | Reached skill level 10 in Poison Magic
 37895 | Snake:4  | HP: 3/119 [lindwurm/blast of flame (4)]
 37900 | Snake:4  | HP: 4/119 [salamander tyrant/flame surge (7)]
 37947 | Snake:4  | Received a gift from Okawaru
 37958 | Snake:4  | HP: 5/178 [nagaraja (4)]
 37958 | Snake:4  | Killed from afar by a nagaraja

Illustrated notes

Levels and vault maps discovered:
D:1:      lemuel_arrival_lava_pool, layout_rooms, serial_shops, shop_fountains
D:2:      layout_basic, hellmonk_ecumenical_altar_watching_god
D:3:      layout_loops_ring, general_overflow_altar, biasface_ghost_orc_armoury,
          serial_shops, nicolae_shop_statue_plus, uniq_jessica
D:4:      layout_rooms, elyvilon_altar_4, minmay_temple_entry_stoned_glass,
          minmay_misc_feat_cross, chequers_avenue, uniq_ijyb
D:5:      layout_loops_ring, minmay_joined_circles, uniq_menkaure
D:6:      layout_loops_ring, slow_altar_1, dk_yredelemnul_ordeal, serial_shops,
          nicolae_square_shop, uniq_duvessa
D:7:      layout_loops_ring
D:8:      layout_basic, david_lair_generic, st_stairs_4
D:9:      layout_basic, kennysheep_mini_moat
D:10:     cheibrodos_frozen_isle, layout_irregular_city,
          nicolae_wu_jian_immortal_techniques, minmay_hollow_rounded_squares
D:11:     layout_gridville, special_room [special_room_bee],
          nicolae_gozag_cash_rules_everything_around_me
D:12:     layout_basic, kennysheep_orc_monster_closet_entryway,
          minmay_fountain_box
D:13:     layout_roguey, david_vaults_5, uniq_erolcha
D:14:     layout_rooms, lightli_bailey_entry_fortress, serial_shops,
          nicolae_shop_crystal, hellmonk_guarded_unrand_starlight
D:15:     grunt_enter_depths_giant_problem, layout_gridville,
          kennysheep_crisscross
Temple:   eino_temple_scatter_basement
Lair:1:   layout_layer_cave, gammafunk_ghost_hydra_chop, uniq_fannar
Lair:2:   layout_chaotic_city, guppyfry_snake_entry_garden,
          nicolae_volcano_entry_two_sided
Lair:3:   layout_small_grid, nicolae_swamp_entry_splash_gauntlet,
          chequers_serial_rivers_small_3, serial_bayou_shore_b,
          grunt_megastairs_3, serial_bayou_shore_a, uniq_prince_ribbit2
Lair:4:   layout_regular_city, serial_bayou_shore_b, serial_bayou_shore_b,
          grunt_megastairs_2
Lair:5:   layout_misc_corridors, uniq_urug
Lair:6:   grunt_lair_end_beastmaster, layout_misc_corridors,
          dpeg_slime_entry_enclosed_altar, grunt_megastairs_5
Snake:1:  layout_basic, serial_shops, shop, basic_altar, uniq_jorgrun
Snake:2:  layout_cave_pods, nicolae_snake_gridmaze_waves, uniq_nikola
Snake:3:  layout_layer_cave, serial_shops, nicolae_shop_statue_plus, shop,
          nicolae_lakefront_shop, nicolae_stop_n_shop_2, shop,
          nicolae_shop_self_help
Snake:4:  snake_pit_salamanders_mu, layout_rooms,
          portal_ice_cave_entry_pillars_1, st_stairs_10
Orc:1:    layout_caves, mines4_lemuel
Orc:2:    st_orc_open, layout_caves, serial_shops, shop

Skill      XL: |  1  2  3  4  5  6  7  8  9 10 11 12 13 14 15 16 17 |
---------------+----------------------------------------------------+-----
Invocations    | 1 2 3 4 5 6 7 8 9 10 11 12 | 12.6
Short Blades   | 1 2 3 4 5 6 7 8 9 10 11 | 11.7
Long Blades    | 1 2 3 4 5 6 7 8 9 10 11 | 11.7
Axes           | 1 2 3 4 5 6 7 8 9 10 11 | 11.7
Maces & Flails | 1 2 3 4 5 6 7 8 9 10 11 | 11.7
Polearms       | 1 2 3 4 5 6 7 8 9 10 11 | 11.7
Staves         | 1 2 3 4 5 6 7 8 9 10 11 | 11.7
Slings         | 1 2 3 4 5 6 7 8 9 10 11 | 11.7
Bows           | 1 2 3 4 5 6 7 8 9 10 11 | 11.7
Crossbows      | 1 2 3 4 5 6 7 8 9 10 11 | 11.7
Throwing       | 1 2 3 4 5 6 7 8 9 10 11 | 11.7
Shields        | 1 2 3 4 5 6 7 8 9 10 11 | 11.7
Unarmed Combat | 1 2 3 4 5 6 7 8 10 11 12 13 | 13.5
Spellcasting   | 1 2 3 4 5 6 7 8 9 10 11 | 11.7
Conjurations   | 1 2 3 4 5 6 7 8 9 10 | 10.0
Hexes          | 1 2 3 4 5 6 7 8 9 10 | 10.0
Summonings     | 1 2 3 4 5 6 7 8 9 10 | 10.0
Necromancy     | 1 2 3 4 5 6 7 8 9 10 | 10.0
Translocations | 1 2 3 4 5 6 7 8 9 10 | 10.0
Transmutations | 1 2 3 4 5 6 7 8 9 10 | 10.0
Fire Magic     | 1 2 3 4 6 7 9 10 11 12 | 12.7
Ice Magic      | 1 2 3 4 5 6 7 8 9 10 | 10.0
Air Magic      | 1 2 3 4 5 6 7 8 9 10 | 10.0
Earth Magic    | 1 2 3 4 5 6 7 8 9 10 | 10.0
Poison Magic   | 1 2 3 4 5 6 7 8 9 10 | 10.0
Fighting       | 3 4 5 6 7 8 9 10 11 | 11.9
Dodging        | 3 4 5 6 7 8 9 10 11 | 11.9
Stealth        | 3 4 5 6 7 8 9 10 11 | 11.9
Armour         | 5 6 7 8 9 10 11 12 | 12.4
Evocations     | 7 8 9 10 11 12 13 | 13.1

Action                   |  1- 3 |  4- 6 |  7- 9 | 10-12 | 13-15 | 16-18 || total
-------------------------+-------+-------+-------+-------+-------+-------++-------
Melee: Staff             |   143 |    81 |       |       |       |       ||   224
       Club              |     8 |       |       |       |       |       ||     8
       Bite              |     6 |    16 |    53 |    98 |   172 |    71 ||   416
       Dagger            |       |    88 |   398 |   393 |       |       ||   879
       Punch             |       |     2 |     5 |       |     1 |       ||     8
       Lajatang          |       |       |       |   216 |  1076 |   404 ||  1696
       Flail             |       |       |       |       |     5 |       ||     5
 Fire: Arbalest          |       |       |       |     1 |    41 |   225 ||   267
Throw: Dart              |       |       |       |       |    11 |       ||    11
       Javelin           |       |       |       |       |     6 |       ||     6
 Cast: Blink             |       |       |       |     1 |     1 |     9 ||    11
Invok: Heroism           |       |       |     2 |     3 |    41 |    17 ||    63
       Finesse           |       |       |       |       |     9 |     7 ||    16
Evoke: Wand              |     7 |    17 |     7 |     8 |    17 |    31 ||    87
       Piece from Xom's  |       |    14 |    13 |     7 |       |     2 ||    36
       Lightning rod     |       |       |       |       |       |     2 ||     2
       Tin of tremorston |       |       |       |       |       |     1 ||     1
       Box of beasts     |       |       |       |       |       |     1 ||     1
  Use: Potion            |     3 |     2 |     2 |     8 |     7 |    13 ||    35
       Scroll            |     2 |     2 |     3 |     6 |    11 |     6 ||    30
 Stab: Sleeping          |     3 |     3 |       |     7 |     8 |     5 ||    26
       Paralysed         |       |     4 |     6 |     3 |     2 |     1 ||    16
       Distracted        |       |     1 |     1 |     1 |     3 |     2 ||     8
       Confused          |       |       |     2 |       |       |       ||     2
       Petrifying        |       |       |     1 |       |       |       ||     1
       Invisible         |       |       |       |       |    11 |       ||    11
Armor: Leather armour    |    45 |    31 |       |       |       |       ||    76
       Chain mail        |       |    13 |    67 |       |       |       ||    80
       Scale mail        |       |       |    79 |   170 |   340 |   199 ||   788
       Skin              |       |       |       |       |       |    34 ||    34
Dodge: Dodged            |   110 |    90 |   143 |   219 |   679 |   423 ||  1664
Block: Buckler           |       |       |    18 |    51 |       |       ||    69
       Other             |       |       |       |       |    79 |    77 ||   156
       Reflection        |       |       |       |       |     6 |    12 ||    18
